 Dungeon Crawl Stone Soup version 0.23.0 (webtiles) character file.

Game seed: 16742726485273071293

2853 Bitard the Cleaver (level 9, -19/82 HPs)
             Began as a Minotaur Fighter on Feb 18, 2019.
             Was an Elder of Uskayaw.
             Demolished by a two-headed ogre
             ... wielding a +2 dire flail of holy wrath
              (20 damage)
             ... on level 7 of the Dungeon.
             The game lasted 00:40:48 (6315 turns).

Bitard the Cleaver (Minotaur Fighter)               Turns: 6315, Time: 00:40:48

Health: -19/82     AC: 15    Str: 23    XL:     9   Next: 46%
Magic:  8/8        EV:  6    Int:  5    God:    Uskayaw [****..]
Gold:   406        SH: 11    Dex: 11    Spells: 8/8 levels left

rFire    . . .     SeeInvis .   a - +0 war axe
rCold    . . .     Gourm    .   c - +0 shield
rNeg     . . .     Faith    .   A - +0 chain mail
rPois    .         Spirit   .   (helmet restricted)
rElec    .         Reflect  .   (no cloak)
rCorr    .         Harm     .   (no gloves)
MR       .....                  (no boots)
Stlth    ..........             (no amulet)
HPRegen  0.23/turn              g - +2 ring of protection
MPRegen  0.11/turn              p - +3 ring of protection

@: no status effects
A: retaliatory headbutt, horns 2
a: Stomp, Line Pass, Renounce Religion


You were on level 7 of the Dungeon.
You worshipped Uskayaw.
Uskayaw was noncommittal.
You were not hungry.

You visited 2 branches of the dungeon, and saw 8 of its levels.

You collected 406 gold pieces.

Inventory:

Hand Weapons
 a - a +0 war axe (weapon)
Armour
 c - a +0 shield (worn)
 d - a +1 buckler of poison resistance
 A - a +0 chain mail (worn)
Jewellery
 g - a +2 ring of protection (left hand)
 o - an uncursed ring of fire
 p - a +3 ring of protection (right hand)
 x - an uncursed ring of ice
Wands
 q - a wand of random effects (19)
 B - a wand of iceblast (5)
Scrolls
 b - a scroll of immolation {unknown}
 e - 8 scrolls of teleportation {unknown}
 h - 4 scrolls of noise {unknown}
 m - 9 scrolls of identify {unknown}
 n - 2 scrolls of magic mapping {unknown}
 r - 5 scrolls of remove curse {unknown}
 t - a scroll of fear {unknown}
 u - a scroll of enchant weapon {unknown}
 y - 3 scrolls of enchant armour {unknown}
Potions
 i - 4 potions of curing
 j - 3 potions of heal wounds {unknown}
 k - 4 potions of lignification {unknown}
 l - a potion of degeneration {unknown}
 s - a potion of cancellation {unknown}
 v - a potion of mutation {unknown}
 w - 2 potions of haste {unknown}
 z - a potion of resistance
Comestibles
 f - 12 rations


   Skills:
 + Level 8.3 Fighting
 * Level 10.6 Axes
 - Level 6.3 Armour
 + Level 8.2 Shields


You had 8 spell levels left.
You didn't know any spells.
Your spell library contained the following spells:

 Spells                   Type           Power        Failure   Level  Hunger
 Confusing Touch          Hex            #.....       100%        1    ##.....
 Confuse                  Hex            #.......     100%        3    ####...
 Gell's Gravitas          Tloc           #.........   100%        3    ####...
 Petrify                  Tmut/Erth      #.......     100%        4    #####..
 Metabolic Englaciation   Hex/Ice        #.........   100%        5    ######.
 Yara's Violent Unravell  Hex/Tmut       #.........   100%        5    ######.


Dungeon Overview and Level Annotations

Branches:
Dungeon (7/15)             Temple (1/1) D:4

Altars:
Ashenzari
Dithmenos
Elyvilon
Fedhas
Hepliaklqana
Kikubaaqudgha
Nemelex Xobeh
Okawaru
Qazlal
Sif Muna
Trog
Uskayaw
Vehumet
Wu Jian
Xom
Yredelemnul
The Shining One


Innate Abilities, Weirdness & Mutations

You reflexively headbutt those who attack you in melee.
You have a pair of horns on your head.


Message History

The hippogriff claws you but does no damage.
Something hits you but does no damage.
Your chain mail prevents you from hitting the two-headed ogre.
You headbutt the two-headed ogre.
The two-headed ogre is lightly wounded.
You slash the hippogriff! You closely miss something.
The two-headed ogre hits you with a +2 dire flail of holy wrath!
* * * LOW HITPOINT WARNING * * *
You block the two-headed ogre's attack. The hippogriff bites you.
* * * LOW HITPOINT WARNING * * *
The hippogriff barely misses you.
The hippogriff claws you but does no damage.
Something hits you but does no damage.
Uskayaw will force your foes to share their pain.
You hit the two-headed ogre but do no damage.
The two-headed ogre is lightly wounded.
You miss something. You barely miss the hippogriff.
You block the two-headed ogre's attack.
The two-headed ogre hits you with a +0 giant spiked club!!
You die...

#..........#..
............. .
.......#._.#
................
##............#.. .
#......#.........
.....###......#.........
................O{...#
...#..........##@H..##
...##.........#.....#
....# #....).......#
....## ###.))...........
.....#####.......$......
......##.......?........
........................
....#...................
...##.........#.......#.


You could see a two-headed ogre and a hippogriff.

Vanquished Creatures
  The ghost of Acheron the Chopper, a novice MiBe of Trog (D:4)
  2 water moccasins (D:6)
  An ice beast (D:6)
  2 phantoms
  7 ogres
  A centaur (D:6)
  2 bullfrogs
  A gnoll sergeant (D:6)
  A scorpion (D:5)
  5 wights (D:6)
  A howler monkey (D:5)
  A bullfrog zombie (D:6)
  A gnoll shaman (D:6)
  2 orc priests
  2 hounds
  4 orc wizards
  A bullfrog skeleton (D:5)
  A worker ant (D:6)
  Terence (D:3)
  3 iguanas
  3 hound skeletons (D:6)
  11 gnolls
  11 adders
  5 shadow imps
  An ooze (D:3)
  2 adder zombies
  6 worms
  4 dart slugs
  5 leopard geckos
  28 orcs
  8 bats
  3 giant cockroaches
  4 goblins
  7 hobgoblins
  8 jackals
  14 kobolds
  5 quokkas
  4 ball pythons
  5 frilled lizards
  A leopard gecko skeleton (D:4)
  5 rats
  2 butterflies (D:2)
182 creatures vanquished.

Notes
Turn   | Place    | Note
-------+----------+-------------------------------------------
     0 | D:1      | Bitard the Minotaur Fighter began the quest for the Orb.
     0 | D:1      | Reached XP level 1. HP: 19/19 MP: 0/0
   445 | D:1      | Reached XP level 2. HP: 27/27 MP: 1/1
   486 | D:1      | Reached skill level 3 in Axes
  1075 | D:2      | Reached XP level 3. HP: 33/33 MP: 2/2
  1170 | D:2      | Found a shimmering altar of Xom.
  1465 | D:2      | Reached XP level 4. HP: 39/40 MP: 3/3
  1531 | D:2      | Reached skill level 4 in Axes
  2386 | D:3      | Found a sparkling altar of Nemelex Xobeh.
  2388 | D:3      | Found an iron altar of Okawaru.
  2534 | D:3      | Reached XP level 5. HP: 47/47 MP: 4/4
  2560 | D:3      | Noticed Terence
  2571 | D:3      | Killed Terence
  2832 | D:3      | Reached skill level 5 in Axes
  2945 | D:3      | Found a faded altar of an unknown god.
  3045 | D:4      | Found a transporter.
  3048 | D:4      | Noticed Acheron's ghost (novice MiBe)
  3051 | D:4      | Noticed an ogre
  3051 | D:4      | Identified the +10 great mace "Killer Klown's Death"
                  | {crush, rElec rC+}
  3051 | D:4      | Noticed an ogre
  3134 | D:4      | Found a staircase to the Ecumenical Temple.
  3139 | Temple   | Entered the Ecumenical Temple
  3371 | D:4      | Reached XP level 6. HP: 55/55 MP: 5/5
  3474 | D:4      | Reached skill level 5 in Fighting
  3474 | D:4      | Reached skill level 5 in Armour
  3474 | D:4      | Reached skill level 5 in Shields
  4090 | D:4      | Found a transporter.
  4106 | D:4      | Reached skill level 6 in Axes
  4106 | D:4      | Reached XP level 7. HP: 61/61 MP: 6/6
  4108 | D:4      | Killed Acheron's ghost
  4108 | D:4      | Reached skill level 7 in Axes
  4171 | D:5      | Entered Level 5 of the Dungeon
  4183 | D:5      | Reached XP level 8. HP: 64/70 MP: 7/7
  4384 | D:5      | Reached skill level 8 in Axes
  4873 | D:6      | Reached skill level 9 in Axes
  4900 | D:6      | HP: 3/73 [ogre/+0 giant club (10)]
  5124 | D:6      | Found a hide-covered altar of Uskayaw.
  5131 | D:6      | Reached XP level 9. HP: 52/79 MP: 8/8
  5150 | D:6      | Became a worshipper of Uskayaw the Reveler
  5203 | D:6      | Reached * piety under Uskayaw
  5206 | D:6      | Reached ** piety under Uskayaw
  5260 | D:6      | Reached *** piety under Uskayaw
  5334 | D:6      | Reached skill level 10 in Axes
  6287 | D:7      | Reached **** piety under Uskayaw
  6299 | D:7      | Found a radiant altar of Vehumet.
  6303 | D:7      | Noticed a two-headed ogre
  6314 | D:7      | HP: 2/82 [two-headed ogre/+2 dire flail of holy wrath (16)]
  6315 | D:7      | Demolished by a two-headed ogre

Skill      XL: |  1  2  3  4  5  6  7  8  9 |
---------------+----------------------------+-----
Axes           | 3 4 5 6 7 9 10 | 10.6
Fighting       | 4 5 6 7 8 |  8.3
Armour         | 4 5 6 |  6.3
Shields        | 4 5 6 7 8 |  8.2

Action                   |  1- 3 |  4- 6 |  7- 9 || total
-------------------------+-------+-------+-------++-------
Melee: War axe           |   104 |   188 |   251 ||   543
       Headbutt          |    12 |    26 |    43 ||    81
Invok: Stomp             |       |       |     2 ||     2
  Use: Potion            |       |     1 |     2 ||     3
 Stab: Paralysed         |       |       |     6 ||     6
  Eat: Chunk             |     2 |     9 |     7 ||    18
Armor: Scale mail        |    39 |    72 |    22 ||   133
       Chain mail        |       |       |   108 ||   108
Dodge: Dodged            |    22 |    46 |    49 ||   117
Block: Shield            |    51 |    92 |   133 ||   276
       Buckler           |       |       |     2 ||     2
